 Dungeon Crawl Stone Soup version 0.24-a0-439-g6dd8730de2 (webtiles) character file.

Game seed: 5062714957153294569

79 Nattfarinn the Caller (level 4, -2/24 HPs)
             Began as a Tengu Summoner on June 18, 2019.
             Slain by Grinder (6 damage)
             ... on level 3 of the Dungeon.
             The game lasted 00:06:19 (2162 turns).

Nattfarinn the Caller (Tengu Summoner)              Turns: 2162, Time: 00:06:19

Health: -2/24      AC:  2    Str:  8    XL:     4   Next: 37%
Magic:  4/8        EV: 13    Int: 22    God:
Gold:   62         SH:  0    Dex: 14    Spells: 2/8 levels left

rFire    . . .     SeeInvis .   d - +0 hand axe
rCold    + . .     Gourm    .   (no shield)
rNeg     . . .     Faith    .   a - +0 robe
rPois    .         Spirit   .   (helmet restricted)
rElec    .         Reflect  .   (no cloak)
rCorr    .         Harm     .   (no gloves)
MR       .....                  (boots unavailable)
Stlth    ++........             (no amulet)
HPRegen  0.08/turn              b - ring of protection from cold
MPRegen  0.11/turn              (no ring)

@: brilliant
A: beak, talons 3
a: no special abilities


You were on level 3 of the Dungeon.
You were not hungry.

You visited 1 branch of the dungeon, and saw 3 of its levels.

You collected 62 gold pieces.

Inventory:

Hand Weapons
 d - a +0 hand axe (weapon)
Armour
 a - a +0 robe (worn)
Jewellery
 b - a ring of protection from cold (left hand)
 j - an uncursed ring of flight {unknown}
Wands
 k - a wand of clouds (4)
Scrolls
 e - 2 scrolls of identify {unknown}
 h - a scroll of enchant armour {unknown}
 i - a scroll of fear {unknown}
 l - 4 scrolls of remove curse {unknown}
 m - 2 scrolls of teleportation {unknown}
Comestibles
 c - 6 rations
 f - 3 chunks of flesh


   Skills:
 + Level 3.0 Dodging
 - Level 2.0 Stealth
 + Level 2.6 Spellcasting
 * Level 6.0 Summonings


You had 2 spell levels left.
You knew the following spells:

 Your Spells              Type           Power        Failure   Level  Hunger
a - Summon Small Mammal   Summ           ####         1%          1    None
b - Call Imp              Summ           #####...     1%          2    ##.....
c - Call Canine Familiar  Summ           #####...     1%          3    ###....

Your spell library contained the following spells:

 Spells                   Type           Power        Failure   Level  Hunger
 Summon Guardian Golem    Hex/Summ       ####....     1%          3    ###....
 Summon Ice Beast         Ice/Summ       ####....     4%          4    ####...
 Summon Lightning Spire   Summ/Air       ####....     4%          4    ####...


Dungeon Overview and Level Annotations

Branches:
Dungeon (3/15)

Altars:

Annotations:
D:3 Grinder


Innate Abilities, Weirdness & Mutations

You have a beak for a mouth.
You have claws for feet.


Message History

Your crimson imp hits Grinder but does no damage.
Your white imp gestures at Grinder.
The puff of frost misses Grinder.
The adder bites your white imp but does no damage.
Grinder hits your white imp.
Your white imp dies!
Your crimson imp blinks!
Your white imp hits the adder.
Your white imp freezes the adder.
The adder seems to slow down.
You miss the adder. You claw the adder.
You kill the adder!
Your white imp disappears in a puff of smoke!
Grinder hits you!
* * * LOW HITPOINT WARNING * * *
You writhe in agony.
* * * LOW HITPOINT WARNING * * *
It was a potion of brilliance.
You feel clever all of a sudden. Grinder hits you.
You die...

......#..###
....... ..
.....5.. ....#.
)).. . #.)#.##.#
#§5#.†. #§@#.####
########<.......#
............####.
#####.##........
# #..#.####
###.##.<#.#
...........#
#........###
..##.##.##


You could see Grinder and a friendly crimson imp.

Vanquished Creatures
  An adder (D:3)
  A worm (D:2)
  2 dart slugs (D:1)
  2 leopard geckos (D:1)
  4 goblins
  A hobgoblin (D:2)
  2 kobolds
  4 bats
  A frilled lizard (D:1)
  3 rats (D:1)
21 creatures vanquished.

Vanquished Creatures (collateral kills)
  An adder (D:2)
  2 oozes (D:1)
  2 worms (D:2)
  A dart slug (D:1)
  3 orcs (D:3)
  2 giant cockroaches
  A goblin (D:3)
  6 hobgoblins
  7 jackals
  A quokka (D:3)
  4 bats
  2 frilled lizards
  4 kobolds (D:1)
  4 rats
40 creatures vanquished.

Grand Total: 61 creatures vanquished

Notes
Turn   | Place    | Note
-------+----------+-------------------------------------------
     0 | D:1      | Nattfarinn the Tengu Summoner began the quest for the Orb.
     0 | D:1      | Reached XP level 1. HP: 10/10 MP: 4/4
   234 | D:1      | Reached skill level 5 in Summonings
   462 | D:1      | Reached XP level 2. HP: 12/15 MP: 6/6
  1100 | D:1      | Reached XP level 3. HP: 19/19 MP: 4/7
  1130 | D:1      | Learned a level 2 spell: Call Imp
  1134 | D:1      | Learned a level 3 spell: Call Canine Familiar
  1864 | D:2      | Reached XP level 4. HP: 19/24 MP: 2/8
  2137 | D:3      | Reached skill level 6 in Summonings
  2143 | D:3      | Noticed Grinder
  2162 | D:3      | Slain by Grinder

Levels and vault maps discovered:
D:1:      dpeg_arrival_three_bigger_balls, layout_loops_ring,
          palyth_stone_intersect, kennysheep_nondescript, minmay_tetromino_l2
D:2:      layout_rooms, first_ration
D:3:      layout_loops_ring, uniq_grinder

Skill      XL: |  1  2  3  4 |
---------------+-------------+-----
Summonings     | 5 6 |  6.0
Dodging        | 3 |  3.0
Stealth        | |  2.0
Spellcasting   | |  2.6

Action                   |  1- 3 |  4- 6 || total
-------------------------+-------+-------++-------
Melee: Hand axe          |    61 |     3 ||    64
       Peck              |     8 |     1 ||     9
       Kick              |    11 |     3 ||    14
 Cast: Summon Small Mamm |    19 |       ||    19
       Call Imp          |    10 |     7 ||    17
       Call Canine Famil |     4 |       ||     4
  Use: Potion            |       |     1 ||     1
 Stab: Sleeping          |     4 |       ||     4
       Distracted        |     1 |       ||     1
  Eat: Chunk             |     4 |     2 ||     6
Armor: Robe              |    12 |     2 ||    14
Dodge: Dodged            |    62 |     2 ||    64

Table legend:
 A = Non-vault XP
 B = Vault XP
 C = Vault XP percentage of total XP
 D = Non-vault monster count
 E = Vault monster count
 F = Vault count percentage of total count
                 A         B        C        D         E       F
            +---------+---------+-------+---------+---------+-------
      Total |     110 |       3 |   2.7 |      59 |       2 |   3.3
            +---------+---------+-------+---------+---------+-------
        D:1 |      56 |       3 |   5.1 |      33 |       2 |   5.7
        D:2 |      32 |       0 |   0.0 |      14 |       0 |   0.0
        D:3 |      22 |       0 |   0.0 |      12 |       0 |   0.0
            +---------+---------+-------+---------+---------+-------
